 Dungeon Crawl Stone Soup version 0.31.0-11-ge490571c62 (webtiles) character file.

Game seed: 13598894160808123552

16824 iamserjio the Severer (level 12, -3/103 (113) HPs)
             Began as a Minotaur Monk on Jan 29, 2024.
             Was an Initiate of Gozag.
             Slain by Rupert
             ... wielding a +0 battleaxe of flaming
              (12 damage)
             ... on level 12 of the Dungeon.
             The game lasted 00:18:50 (13256 turns).

iamserjio the Severer (Minotaur Monk)              Turns: 13256, Time: 00:18:50

HP:   -3/103 (113)  AC: 15    Str: 26    XL:     12   Next: 13%
MP:   3/3           EV: 14    Int:  5    God:    Gozag
Gold: 380           SH:  0    Dex: 17    Spells: 11/11 levels left

rFire   . . .        Z - +10 trident of Bloodstone {antimagic, rC+ Int-2 Dex+3}
rCold   + . .        d - orb {light}
rNeg    . . .        T - +0 chain mail
rPois   .            Y - +1 hat {Stlth+}
rElec   .            P - +0 cloak
rCorr   .            S - +0 pair of gloves
SInv    .            (no boots)
Will    .....        s - amulet of regeneration Stlth
                     l - +6 ring of strength
HPRegen 1.17/turn    b - +4 ring of protection
MPRegen 0.08/turn

%: no passive effects
@: mighty, glowing, drained, invisible (but backlit and visible)
A: horns 2, inability to drink after injury 2, inability to read after injury 2,
inability to use devices, weak-willed 1, retaliatory headbutt
a: Renounce Religion, Potion Petition, Call Merchant, Bribe Branch


You were on level 12 of the Dungeon.
You worshipped Gozag.
Gozag was aware of your devotion.
You visited 1 branch of the dungeon, and saw 12 of its levels.

You collected 978 gold pieces.
You paid 598 gold pieces to Gozag.

Inventory:

Hand Weapons
 a - a +2 mace
 u - a +1 whip of venom
 E - a +4 hand axe
 G - a +1 flail of holy wrath
 Q - a +2 scimitar of flaming
 U - a +1 heavy spear
 W - a +0 trident of distortion
 Z - the +10 trident of Bloodstone (weapon) {antimagic, rC+ Int-2 Dex+3}
   (You took it off an orc warrior on level 7 of the Dungeon)

   Int-2:     It affects your intelligence (-2).
   Dex+3:     It affects your dexterity (+3).
   rC+:       It protects you from cold.
Missiles
 x - 2 boomerangs
 N - 39 poisoned darts
 R - 3 curare-tipped darts (quivered)
Armour
 d - an orb of light (worn)
 k - the +0 leather armour of the Scorching Gods {rPois Int+3 Dex+3 SInv}
   (You found it on level 2 of the Dungeon)

   Int+3:     It affects your intelligence (+3).
   Dex+3:     It affects your dexterity (+3).
   rPois:     It protects you from poison SInv: It lets you see invisible.
 F - a +0 plate armour
 P - a +0 cloak (worn)
 S - a +0 pair of gloves (worn)
 T - a +0 chain mail (worn)
 Y - a +1 hat of stealth (worn)
Jewellery
 b - a +4 ring of protection (right hand)
 l - a +6 ring of strength (left hand)
 m - a +6 ring of strength
 s - an amulet of regeneration (around neck)
Scrolls
 f - 3 scrolls of vulnerability {unknown}
 h - 12 scrolls of identify {unknown}
 i - a scroll of poison {unknown}
 p - 4 scrolls of immolation {unknown}
 r - 7 scrolls of fear {unknown}
 v - 6 scrolls of teleportation {unknown}
 y - 2 scrolls of noise {unknown}
 z - 2 scrolls of summoning {unknown}
 A - a scroll of torment {unknown}
 C - a scroll of revelation {unknown}
 D - 2 scrolls of blinking {unknown}
 I - 4 scrolls of fog {unknown}
 K - a scroll of silence {unknown}
Potions
 c - a potion of ambrosia
 e - 3 potions of curing {unknown}
 g - a potion of attraction {unknown}
 j - a potion of haste {unknown}
 n - 2 potions of degeneration {unknown}
 o - 3 potions of invisibility {unknown}
 q - 3 potions of heal wounds {unknown}
 t - 3 potions of berserk rage {unknown}
 B - 2 potions of mutation {unknown}
 H - a potion of resistance {unknown}
 L - 2 potions of might {unknown}
 O - a potion of lignification {unknown}
 V - a potion of brilliance {unknown}


   Skills:
 * Level 12.7 Fighting
 + Level 17.1 Axes
 + Level 0.0 Armour
 - Level 11.0 Dodging


You had 11 spell levels left.
You didn't know any spells.
Your spell library contained the following spells:

 Spells                   Type           Power      Damage    Failure   Level
 Freeze                   Ice            0%         1d3       97%         1
 Kiss of Death            Conj/Necr      0%         2d5       97%         1
 Necrotise                Necr           0%         1d4       97%         1
 Jinxbite                 Hex            0%         N/A       99%         2
 Confusing Touch          Hex            0%         N/A       100%        3
 Frozen Ramparts          Ice            0%         1d1       100%        3
 Fugue of the Fallen      Necr           0%         N/A       100%        3
 Hailstorm                Conj/Ice       0%         3d5       100%        3
 Ozocubu's Armour         Ice            0%         N/A       100%        3
 Summon Ice Beast         Ice/Summ       0%         N/A       100%        3
 Tukima's Dance           Hex            0%         N/A       100%        3
 Vampiric Draining        Necr           0%         2d6       100%        3
 Brom's Barrelling Bould  Conj/Erth      0%         2d3       100%        4
 Dispel Undead            Necr           0%         3d6       100%        4
 Manifold Assault         Tloc           0%         N/A       100%        4
 Martyr's Knell           Necr/Summ      0%         N/A       100%        4
 Passage of Golubria      Tloc           0%         N/A       100%        4
 Curse of Agony           Necr           0%         N/A       100%        5
 Fireball                 Conj/Fire      0%         3d3       100%        5
 Iskenderun's Battlesphe  Conj           0%         2d6       100%        5
 Yara's Violent Unravell  Hex/Alch       0%         3d3       100%        5
 Conjure Ball Lightning   Conj/Air       0%         3x3d6     100%        6
 Sculpt Simulacrum        Ice/Alch       0%         N/A       100%        6
 Enfeeble                 Hex            0%         N/A       100%        7
 Orb of Destruction       Conj           0%         9d5       100%        7


Dungeon Overview and Level Annotations

Branches:
Dungeon (12/15) Zot: 25701  Temple (0/1) D:7            Lair (0/5) D:11
    Orc (0/2) D:10

Altars:
Ashenzari
Elyvilon
Gozag
Hepliaklqana
Nemelex Xobeh
Qazlal
Ru
Sif Muna
Uskayaw
Wu Jian
Xom
Lugonu

Shops:
D:1 =   D:3 !   D:6 !

Portals:
Abyss: D:6

Annotations:
D:6 2 runed translucent doors
D:12 Rupert


Innate Abilities, Weirdness & Mutations

You have a pair of horns on your head.
You sometimes lose the ability to drink potions when taking damage.
You sometimes lose the ability to read scrolls when taking damage.
You cannot study or use magical devices.
You are slightly weak-willed. (Will-)
You reflexively headbutt those who attack you in melee.


Message History

Rupert roars madly and goes into a rage!
Rupert goes berserk!
You hit Rupert. Rupert closely misses you.
You puncture Rupert! You headbutt Rupert. Rupert hits you but does no damage.
You puncture Rupert!
Rupert hits you with a +0 battleaxe of flaming.
Rupert burns you.
You hit Rupert.
Rupert hits you with a +0 battleaxe of flaming!
Rupert burns you.
You puncture Rupert! Your headbutt misses Rupert.
Rupert hits you with a +0 battleaxe of flaming!
Rupert burns you.
You puncture Rupert!
Rupert hits you with a +0 battleaxe of flaming!!
* * * LOW HITPOINT WARNING * * *
Rupert burns you.
* * * LOW HITPOINT WARNING * * *
You puncture Rupert! You headbutt Rupert!
Rupert hits you with a +0 battleaxe of flaming!!
* * * LOW HITPOINT WARNING * * *
Rupert burns you!
* * * LOW HITPOINT WARNING * * *
[a] - 644 gold - invisibility, might, heal wounds, curing and magic [b] - 858 gold - lignification, might, resistance, heal wounds, curing and magic [c] - 252 gold - invisibility and might Purchase which effect?
You don't have enough gold for that! [a] - 644 gold - invisibility, might, heal wounds, curing and magic [b] - 858 gold - lignification, might, resistance, heal wounds, curing and magic [c] - 252 gold - invisibility and might Purchase which effect?
You no longer have enough gold to petition Gozag for potion effects.
You become transparent, but the glow from your halo prevents you from becoming completely invisible.
You feel very mighty all of a sudden. Rupert hits you but does no damage.
Rupert hits you with a +0 battleaxe of flaming!
You die...
Rupert roars with triumph.
Your body crumbles into a pile of gold.

#.# #.## #... #..# #..#
#..# #######..#
......@@.###############
........................
#######.........#
#....))...# #.........#
#.........# #.........#
#.........########
##########........


You could see Rupert (berserk).

Vanquished Creatures
  Erica (D:9)
  An ogre mage (D:9)
  7 two-headed ogres (D:9)
  Nergalle (D:10)
  Pikel (D:9)
  An ugly thing (D:11)
  A cyclops (D:10)
  Maurice (D:7)
  A kobold demonologist (D:12)
  2 trolls (D:11)
  A hornet (D:8)
  A spriggan (D:11)
  9 yaks
  A wyvern (D:9)
  4 hogs (D:8)
  A human (D:8)
  3 vampire mosquitoes (D:8)
  Grum (D:9)
  A steam dragon (D:6)
  A two-headed ogre zombie (D:9)
  An acid dragon (D:10)
  3 water moccasins
  5 orc warriors
  A sky beast (D:7)
  2 black bears
  3 ice beasts
  16 ogres
  3 centaurs
  2 phantoms
  4 wolves (D:9)
  A gnoll sergeant (D:10)
  4 bullfrogs
  5 kobold brigands
  4 scorpions
  3 wights
  4 killer bees (D:7)
  2 howler monkeys
  3 bombardier beetles
  2 jellies
  4 orc priests
  3 hounds
  2 gnoll boudas
  2 sleepcaps
  2 iguanas
  13 orc wizards
  8 adders
  14 gnolls
  A shadow imp (D:6)
  2 white imps
  A dart slug (D:3)
  3 ribbon worms
  34 orcs
  3 ball pythons
  4 bats
  5 endoplasms
  A giant cockroach (D:1)
  2 hobgoblins
  3 jackals (D:3)
  22 kobolds
  4 quokkas
  A frilled lizard (D:3)
  6 goblins
  4 rats
252 creatures vanquished.

Vanquished Creatures (others)
  A cyclops (D:10)
  A bullfrog (D:7)
  2 kobolds (D:9)
4 creatures vanquished.

Grand Total: 256 creatures vanquished

Notes
Turn   | Place    | Note
-------+----------+-------------------------------------------
     0 | D:1      | iamserjio the Minotaur Monk began the quest for the Orb.
     0 | D:1      | Reached XP level 1. HP: 19/19 MP: 0/0
   218 | D:1      | Found a faded altar of an unknown god.
   234 | D:1      | Reached skill level 4 in Axes
   431 | D:1      | Found Homin's Jewellery Shop.
   522 | D:1      | Reached XP level 2. HP: 27/27 MP: 1/1
   785 | D:2      | Reached XP level 3. HP: 27/33 MP: 2/2
   918 | D:2      | Reached skill level 5 in Axes
   950 | D:2      | Identified the +0 leather armour of the Scorching Gods
                  | {rPois Int+3 Dex+3 SInv}
  1251 | D:3      | Reached XP level 4. HP: 17/41 MP: 3/3
  1567 | D:4      | Found a sacrificial altar of Ru.
  1579 | D:4      | Reached skill level 5 in Fighting
  1579 | D:4      | Reached skill level 6 in Axes
  1579 | D:4      | Reached XP level 5. HP: 41/48 MP: 4/4
  1585 | D:4      | Became a worshipper of Ru the Awakened
  1590 | D:4      | Gained mutation: You cannot study or use magical devices.
                  | [Ru sacrifice]
  1590 | D:4      | Reached * piety under Ru
  1590 | D:4      | Reached ** piety under Ru
  1750 | D:3      | Found Jifamuk's Distillery.
  1758 | D:3      | Noticed an ice beast
  1765 | D:3      | Killed an ice beast
  1766 | D:3      | Reached skill level 7 in Axes
  1766 | D:3      | Reached XP level 6. HP: 48/56 MP: 5/5
  2184 | D:3      | Found a hazy altar of Hepliaklqana.
  2265 | D:4      | Found a shimmering blue altar of Sif Muna.
  3306 | D:5      | Entered Level 5 of the Dungeon
  3371 | D:5      | Noticed a water moccasin
  3379 | D:5      | Killed a water moccasin
  3380 | D:5      | Reached XP level 7. HP: 48/63 MP: 6/6
  3397 | D:5      | Reached skill level 8 in Axes
  3697 | D:5      | Found a broken altar of Ashenzari.
  3700 | D:5      | Found an ornate altar of the Wu Jian Council.
  4011 | D:5      | Reached skill level 9 in Axes
  4248 | D:5      | Reached skill level 5 in Dodging
  4248 | D:5      | Reached XP level 8. HP: 73/73 MP: 7/7
  4646 | D:5      | Found a broken altar of Ashenzari.
  4648 | D:5      | Found an ornate altar of the Wu Jian Council.
  5291 | D:6      | Gained mutation: You occasionally lose the ability to drink
                  | potions when taking damage. [Ru sacrifice]
  5291 | D:6      | Gained mutation: You sometimes lose the ability to drink
                  | potions when taking damage. [Ru sacrifice]
  5291 | D:6      | Reached *** piety under Ru
  5313 | D:6      | Found Pareckuj's Distillery.
  5415 | D:6      | Found a large runed translucent door.
  5416 | D:6      | Found a large runed translucent door.
  5440 | D:6      | Found a corrupted altar of Lugonu.
  5663 | D:6      | Reached skill level 10 in Axes
  5905 | D:6      | Found an opulent altar of Gozag.
  6044 | D:6      | Reached skill level 11 in Axes
  6044 | D:6      | Reached XP level 9. HP: 80/81 MP: 8/8
  6164 | D:6      | Found a one-way gate to the infinite horrors of the Abyss.
  6266 | D:6      | Identified the +1 short sword "Demonbane" {distort, rCorr}
  6820 | D:7      | Noticed Maurice
  6823 | D:7      | Maurice stole a +2 mace
  7138 | D:8      | Reached skill level 12 in Axes
  7454 | D:8      | Reached XP level 10. HP: 67/92 MP: 9/9
  7652 | D:8      | Found a white marble altar of Elyvilon.
  7910 | D:9      | Noticed Pikel
  7921 | D:9      | Killed Pikel
  7922 | D:9      | Reached skill level 13 in Axes
  7989 | D:9      | Noticed Grum
  8001 | D:9      | Reached skill level 10 in Fighting
  8011 | D:9      | Killed Grum
  8081 | D:9      | Noticed a +0 falchion
  8082 | D:9      | Noticed a +0 spear
  8082 | D:9      | Noticed a +0 short sword
  8082 | D:9      | Noticed a +0 dagger
  8082 | D:9      | Noticed a +0 dagger
  8083 | D:9      | Noticed a +0 spear
  8083 | D:9      | Noticed a +0 falchion
  8086 | D:9      | Noticed a +0 short sword
  8091 | D:9      | Found a hide-covered altar of Uskayaw.
  8239 | D:9      | Gained mutation: You occasionally lose the ability to read
                  | scrolls when taking damage. [Ru sacrifice]
  8239 | D:9      | Gained mutation: You sometimes lose the ability to read
                  | scrolls when taking damage. [Ru sacrifice]
  8239 | D:9      | Reached **** piety under Ru
  8239 | D:9      | Reached ***** piety under Ru
  8315 | D:9      | Noticed a two-headed ogre
  8323 | D:9      | Killed a two-headed ogre
  8324 | D:9      | Reached skill level 14 in Axes
  8627 | D:9      | Found a stormy altar of Qazlal.
  8795 | D:9      | Noticed a two-headed ogre
  8796 | D:9      | Noticed a two-headed ogre
  8796 | D:9      | Noticed a two-headed ogre
  8796 | D:9      | Noticed a two-headed ogre
  8797 | D:9      | Noticed a two-headed ogre
  8798 | D:9      | Killed a two-headed ogre
  8798 | D:9      | Killed a two-headed ogre
  8798 | D:9      | Killed a two-headed ogre
  8798 | D:9      | Noticed an ogre mage
  8799 | D:9      | Reached XP level 11. HP: 87/102 MP: 1/10
  8833 | D:9      | Killed a two-headed ogre
  8834 | D:9      | Reached skill level 15 in Axes
  9142 | D:9      | Killed an ogre mage
  9190 | D:9      | Killed a two-headed ogre
  9367 | D:9      | Noticed a two-headed ogre
  9387 | D:9      | Killed a two-headed ogre
  9396 | D:9      | Reached skill level 10 in Dodging
  9642 | D:9      | Noticed Erica
  9651 | D:9      | Killed Erica
  9958 | D:10     | Entered Level 10 of the Dungeon
  9958 | D:10     | Noticed Nergalle
 10209 | D:10     | Reached skill level 16 in Axes
 10211 | D:10     | Killed Nergalle
 10446 | D:10     | Found a staircase to the Orcish Mines.
 10545 | D:10     | Found a shimmering altar of Xom.
 11261 | D:11     | Gained mutation: You are slightly weak-willed. (Will-) [Ru
                  | sacrifice]
 11261 | D:11     | Reached ****** piety under Ru
 11357 | D:11     | Noticed a white ugly thing
 11374 | D:11     | Killed a white ugly thing
 11661 | D:11     | Found a staircase to the Lair.
 12089 | D:7      | Identified the +10 trident of Bloodstone {antimagic, rC+
                  | Int-2 Dex+3}
 12107 | D:7      | Found a staircase to the Ecumenical Temple.
 12267 | D:7      | Reached XP level 12. HP: 109/113 MP: 11/11
 12407 | D:7      | Found a sparkling altar of Nemelex Xobeh.
 12504 | D:7      | Reached skill level 17 in Axes
 12657 | D:7      | Maurice stole a +4 ring of protection
 12714 | D:7      | Killed Maurice
 13013 | D:6      | Fell from the grace of Ru
 13013 | D:6      | Became a worshipper of Gozag Ym Sagoz the Greedy
 13243 | D:12     | Noticed Rupert
 13243 | D:12     | Paralysed by Rupert for 3 turns
 13256 | D:12     | Slain by Rupert

Illustrated notes

Levels and vault maps discovered:
D:1:      dpeg_arrival_line_fractal, layout_basic, shapermc_ecumenical_altar_gd,
          serial_shops, nicolae_shop_back_alley_shop
D:2:      layout_rooms, minmay_strange_pillars
D:3:      layout_basic, pf_just_have_faith, serial_shops, nicolae_shop_trees
D:4:      layout_layer_cave, nicolae_ru_sacrificial_ziggurat,
          lemuel_crystal_altar
D:5:      layout_rooms, jmf_multi_god_temple
D:6:      due_chaos_kobolds, layout_basic, mainiacjoe_overflow_surrounded_room,
          serial_shops, shop
D:7:      layout_basic, nemelex_spade_bored_becter,
          minmay_temple_entry_offerings, uniq_maurice
D:8:      layout_basic, mainiacjoe_overflow_alcove_1, grunt_livestock
D:9:      lemuel_ogre_cave, layout_loops_ring, nicolae_uskayaw_en_pointe,
          grunt_qazlal_clouds, uniq_pikel, uniq_grum, uniq_erica
D:10:     layout_irregular_city, old_standard_altar, erik_orc_3,
          serial_library_hellmonk_room_c, uniq_nergalle
D:11:     layout_loops_ring, lair_entry_dummy, the_hattery
D:12:     layout_small_grid, nicolae_water_bricks, uniq_rupert

Skill      XL: |  1  2  3  4  5  6  7  8  9 10 11 12 |
---------------+-------------------------------------+-----
Axes           | 4 5 6 7 9 11 12 14 16 17 | 17.1
Fighting       | 4 5 6 7 8 9 11 12 | 12.7
Dodging        | 4 5 6 7 9 10 11 | 11.0

Action                     |  1- 3 |  4- 6 |  7- 9 | 10-12 || total
---------------------------+-------+-------+-------+-------++-------
  Melee: Hand axe          |    59 |    59 |   216 |   302 ||   636
         Headbutt          |    14 |    11 |    46 |    91 ||   162
         Whip              |       |       |    23 |       ||    23
         Trident           |       |       |       |    12 ||    12
         Unarmed           |       |       |       |    10 ||    10
  Throw: Dart              |       |     1 |    11 |     5 ||    17
         Boomerang         |       |       |     8 |       ||     8
 Invoke: Sacrifice Artific |       |     1 |       |       ||     1
         Sacrifice Drink   |       |       |     1 |       ||     1
         Apocalypse        |       |       |       |     5 ||     5
         Draw Out Power    |       |       |       |     1 ||     1
         Sacrifice Words   |       |       |       |     1 ||     1
         Power Leap        |       |       |       |     1 ||     1
         Sacrifice Essence |       |       |       |     1 ||     1
         Potion Petition   |       |       |       |     1 ||     1
   Stab: Invisible         |       |       |     2 |     3 ||     5
         Distracted        |       |       |     1 |       ||     1
         Paralysed         |       |       |       |     5 ||     5
         Confused          |       |       |       |     1 ||     1
 Armour: Robe              |    20 |       |       |       ||    20
         Leather armour    |     4 |    26 |    71 |       ||   101
         Plate armour      |       |       |    47 |    73 ||   120
         Chain mail        |       |       |       |    64 ||    64
         Skin              |       |       |       |     1 ||     1
  Dodge: Dodged            |    36 |    36 |   109 |   115 ||   296
